 Dungeon Crawl Stone Soup version 0.21.1-1-g345015fe64 (webtiles) character file.

150 Peloso the Shield-Bearer (level 5, -2/47 HPs)
             Began as a Minotaur Fighter on July 9, 2018.
             Slain by Sigmund
             ... wielding a +0 scythe
              (7 damage)
             ... on level 2 of the Dungeon.
             The game lasted 00:02:49 (1303 turns).

Peloso the Shield-Bearer (Minotaur Fighter)         Turns: 1303, Time: 00:02:50

Health: -2/47      AC:  7    Str: 21    XL:     5   Next: 10%
Magic:  4/4        EV:  7    Int:  5    God:
Gold:   96         SH:  0    Dex: 10    Spells: 4/4 levels left

rFire    . . .     SeeInvis .   a - +0 long sword
rCold    . . .     Gourm    .   c - +0 shield
rNeg     . . .     Faith    .   b - +0 scale mail
rPois    .         Spirit   .   (helmet restricted)
rElec    .         Reflect  .   (no cloak)
rCorr    .         Harm     .   (no gloves)
MR       .....                  (no boots)
Stlth    ..........             (no amulet)
HPRegen  0.15/turn              (no ring)
MPRegen  0.09/turn              (no ring)

@: confused
A: retaliatory headbutt, horns 2
a: no special abilities


You were on level 2 of the Dungeon.
You were hungry.

You visited 1 branch of the dungeon, and saw 2 of its levels.

You collected 96 gold pieces.

Inventory:

Hand Weapons
 a - a +0 long sword (weapon)
 g - a +1 mace of holy wrath
Armour
 b - a +0 scale mail (worn)
 c - a +0 shield (worn)
Jewellery
 h - an uncursed ring of magical power {unknown}
Scrolls
 e - 3 scrolls of remove curse {unknown}
 i - a scroll of identify {unknown}
 j - a scroll of amnesia {unknown}
 k - 2 scrolls of fog {unknown}
 l - 2 scrolls of blinking {unknown}
Potions
 d - a potion of might
 m - a potion of flight {unknown}
 n - a potion of degeneration {unknown}
Comestibles
 f - 5 rations


   Skills:
 + Level 4.3 Fighting
 + Level 3.9 Long Blades
 + Level 4.7 Armour
 + Level 0.1 Dodging
 + Level 4.9 Shields


You had 4 spell levels left.
You didn't know any spells.

Dungeon Overview and Level Annotations

Branches:
Dungeon (2/15)

Altars:

Annotations:
D:2 Sigmund


Innate Abilities, Weirdness & Mutations

You reflexively headbutt those who attack you in melee.
You have a pair of horns on your head.


Message History

The rat bites you.
Unknown command.
You closely miss something. The ooze hits you but does no damage.
You block the rat's attack. Something hits you.
* * * LOW HITPOINT WARNING * * *
The ooze hits you but does no damage. You block the rat's attack.
You barely miss something.
You hear some strange, mumbled words.
You are confused.
The ooze hits you but does no damage. The rat bites you but does no damage.
Unknown command.
You hear a zap.
A puff of flame appears from out of thin air!
The puff of flame hits you!
* * * LOW HITPOINT WARNING * * *
Unknown command.
You hear some strange, mumbled words.
You are more confused.
You bump into the rock wall.
The ooze barely misses you. Something hits you!
You die...

#.........## #.#
#.######### #.# ..#
###.# ### #...#
########## #.#.#
.........# #.#.####
...#####.# ..#....#
...# #.#######.####
...#####.#?J..#.@.....#
.......>.##.#r#J#####.#
...#..###...#)#.# #.#
...#..##.......r# #.#
...................##.#
.###..#........###.##.#
.# #..#.#...##.. ##.#
.# #....###. #... #.#
.# #....# #. #... #.#


You could see an ooze and a rat.

Vanquished Creatures
  Natasha (D:2)
  Terence (D:2)
  Robin (D:2)
  3 adders (D:2)
  An ooze (D:1)
  2 worms (D:2)
  A dart slug (D:2)
  5 bats
  3 giant cockroaches (D:1)
  13 goblins
  7 hobgoblins
  A jackal (D:1)
  A quokka (D:2)
  2 frilled lizards (D:1)
  2 kobolds (D:1)
  3 rats
47 creatures vanquished.

Notes
Turn   | Place    | Note
-------+----------+-------------------------------------------
     0 | D:1      | Peloso the Minotaur Fighter began the quest for the Orb.
     0 | D:1      | Reached XP level 1. HP: 19/19 MP: 0/0
    67 | D:1      | Reached XP level 2. HP: 27/27 MP: 1/1
   407 | D:1      | Reached XP level 3. HP: 33/33 MP: 2/2
   716 | D:2      | Noticed Robin
   875 | D:2      | Killed Robin
  1092 | D:2      | Reached XP level 4. HP: 40/40 MP: 3/3
  1148 | D:2      | Noticed Natasha
  1158 | D:2      | Killed Natasha
  1280 | D:2      | Noticed Terence
  1280 | D:2      | Noticed Sigmund
  1285 | D:2      | Killed Terence
  1285 | D:2      | Reached XP level 5. HP: 45/47 MP: 4/4
  1303 | D:2      | Slain by Sigmund

Skill      XL: |  1  2  3 |
---------------+----------+-----
Armour         | 4 |  4.7
Fighting       | 4 |  4.3
Shields        | 4 |  4.9
Long Blades    | 3 |  3.9
Dodging        | |  0.1

Action                   |  1- 3 |  4- 6 || total
-------------------------+-------+-------++-------
Melee: Long sword        |   103 |    25 ||   128
       Headbutt          |    12 |     5 ||    17
  Eat: Chunk             |       |     1 ||     1
Armor: Scale mail        |    40 |    17 ||    57
Dodge: Dodged            |    37 |     8 ||    45
Block: Shield            |    72 |    17 ||    89
       Rpst.: Long sword |     9 |       ||     9
